 Dungeon Sprint DCSS version 0.17-a0-1763-g847a857 (webtiles) character file.

900 KambridgeKobold the Grappler (level 7, -1/118 HPs)
             Began as a Troll Monk on Sept 5, 2015.
             Was an Initiate of Ru.
             Slain by a kobold demonologist
             ... wielding a +2 dagger of electrocution
              (3 damage)
             ... in the Dungeon (Sprint I: "Red Sonja").
             The game lasted 00:05:26 (458 turns).

KambridgeKobold the Grappler (Troll Monk)            Turns: 458, Time: 00:05:27

Health: -1/118     AC:  6    Str: 25    XL:     7   Next: 79%
Magic:  6/6        EV: 13    Int:  8    God:    Ru [......]
Gold:   415        SH:  0    Dex: 12    Spells: 0 memorised, 6 levels left

rFire  . . .     SeeInvis .       - Unarmed
rCold  + . .     Clarity  .     k - +1 robe {rC+}
rNeg   . . .     SustAt   .     (no shield)
rPois  .         Gourm    +     (helmet restricted)
rElec  .         Spirit   .     (no cloak)
rCorr  .         Warding  .     (gloves unavailable)
rMut   .         NoTele   +     (boots unavailable)
MR     .....                    (no amulet)
Stlth  ..........               (no ring)
                                (no ring)

@: berserking, very quick, not resistant to hostile enchantments, extremely
unstealthy
A: unfitting armour, claws 3, fast metabolism 3, gourmand, regeneration 2,
shaggy fur 1, tough skin 2, no stealth
a: Renounce Religion


You were in the Dungeon.
You worshipped Ru.
Ru was noncommittal.
You were not hungry.

You visited 1 branch You collected 415 gold pieces.

Inventory:

Armour
 a - a +0 robe
 k - a +1 robe of cold resistance (worn)
Magical devices
 i - a wand of polymorph (0)
 j - a wand of random effects (24)
Scrolls
 h - a scroll of blinking
 l - a scroll of amnesia {unknown}
Potions
 c - a potion of curing
 d - a potion of heal wounds
 e - a potion of haste
 f - 2 potions of magic
Comestibles
 b - 2 bread rations


   Skills:
 + Level 7.9 Fighting
 + Level 7.9 Dodging
 * Level 12.0 Unarmed Combat


You had 6 spell levels left.
You didn't know any spells.

Dungeon Overview and Level Annotations

Branches:
Dungeon (1/1)

Altars:
Cheibriados
Dithmenos
Elyvilon
Fedhas
Gozag
Kikubaaqudgha
Makhleb
Nemelex Xobeh
Okawaru
Qazlal
Ru
Sif Muna
Trog
Vehumet
Xom
Yredelemnul
Zin
The Shining One
Jiyva

Shops:
D %


Innate Abilities, Weirdness & Mutations

You are too large for most types of armour.
You have claws for hands.
Your metabolism is lightning-fast.
You like to eat raw meat.
You heal very quickly.
You are covered in fur (AC +1).
You have very tough skin (AC +2).
You cannot be stealthy.


Message History

The kobold demonologist hits you but does no damage.
You are electrocuted!
* * * LOW HITPOINT WARNING * * *
You scratch the kobold demonologist.
The kobold demonologist is lightly wounded.
The kobold demonologist gestures wildly while chanting.
You scratch the kobold demonologist.
The kobold demonologist is lightly wounded.
The chaos spawn closely misses you.
Use which ability?
Okay, then.
Drink which item? (? for menu, Esc to quit)
A red film seems to cover your vision as you go berserk!
You feel yourself moving faster!
You feel mighty! The sixfirhy hits you!
* * * LOW HITPOINT WARNING * * *
The sixfirhy shocks you!
* * * LOW HITPOINT WARNING * * *
The sixfirhy completely misses you.
The kobold demonologist hits you with a dagger of electrocution.
You die...

#####################
.)..#..'..#__#..@43.#
.#..').#..'^.'..#K.5#
###'#####'#__####5§§+
##..#...#.#### ####
_####..##.#
..__##'#..+
.∩...'..._#
..._##_.#'#
____###+#[#


You could see a kobold demonologist, a sixfirhy, a chaos spawn, a crimson imp
and an ufetubus.

Vanquished Creatures
  A kobold demonologist (D)
  A slime creature (D)
  Sigmund (D)
  A yak (D)
  An ogre (D)
  Ijyb (D)
  A jelly (D)
  A giant eyeball (D)
8 creatures vanquished.

Notes
Turn   | Place    | Note
--------------------------------------------------------------
     0 | D        | KambridgeKobold the Troll Monk began the quest for the Orb.
     0 | D        | Reached XP level 1. HP: 22/22 MP: 0/0
     1 | D        | Noticed Ijyb
    58 | D        | Killed Ijyb
    58 | D        | Reached skill level 5 in Unarmed Combat
    58 | D        | Reached XP level 2. HP: 24/32 MP: 1/1
    73 | D        | Noticed an ogre
    76 | D        | Killed an ogre
    76 | D        | Reached skill level 5 in Fighting
    76 | D        | Reached skill level 5 in Dodging
    76 | D        | Reached skill level 6 in Unarmed Combat
    76 | D        | Reached XP level 3. HP: 15/42 MP: 2/2
    76 | D        | Reached XP level 4. HP: 17/50 MP: 3/3
   243 | D        | Noticed Sigmund
   249 | D        | Killed Sigmund
   249 | D        | Reached skill level 9 in Unarmed Combat
   249 | D        | Reached XP level 5. HP: 40/59 MP: 4/4
   282 | D        | Found a deep blue altar of Sif Muna.
   283 | D        | Noticed a jelly
   284 | D        | Found a radiant altar of Vehumet.
   290 | D        | Killed a jelly
   290 | D        | Reached XP level 6. HP: 53/67 MP: 5/5
   302 | D        | Found Eguostei's Food Emporium.
   302 | D        | Found a white marble altar of Elyvilon.
   302 | D        | Found a stormy altar of Qazlal.
   302 | D        | Found a basalt altar of Yredelemnul.
   302 | D        | Found an iron altar of Okawaru.
   302 | D        | Found a sparkling altar of Nemelex Xobeh.
   302 | D        | Found a shimmering altar of Xom.
   302 | D        | Found an ancient bone altar of Kikubaaqudgha.
   302 | D        | Noticed a yak
   303 | D        | Found a burning altar of Makhleb.
   303 | D        | Found a sacrificial altar of Ru.
   303 | D        | Found a glowing golden altar of the Shining One.
   303 | D        | Found an opulent altar of Gozag.
   303 | D        | Found a glowing silver altar of Zin.
   308 | D        | Killed a yak
   308 | D        | Reached skill level 10 in Unarmed Combat
   323 | D        | Found a bloodstained altar of Trog.
   343 | D        | Became a worshipper of Ru the Awakened
   355 | D        | Found a viscous altar of Jiyva.
   355 | D        | Found a blossoming altar of Fedhas.
   355 | D        | Noticed a slime creature
   356 | D        | Found a snail-covered altar of Cheibriados.
   356 | D        | Found a shadowy altar of Dithmenos.
   359 | D        | Gained mutation: You cannot be stealthy. [Ru sacrifice]
   366 | D        | Killed a slime creature
   366 | D        | Reached skill level 11 in Unarmed Combat
   366 | D        | Reached XP level 7. HP: 38/78 MP: 6/6
   440 | D        | Noticed a kobold demonologist
   441 | D        | Noticed a kobold demonologist
   453 | D        | Noticed a ynoxinul
   454 | D        | Killed a kobold demonologist
   454 | D        | Reached skill level 12 in Unarmed Combat
   457 | D        | Noticed a sixfirhy
   458 | D        | HP: 2/118 [sixfirhy[a kobold demonologist] (9)]
   458 | D        | Slain by a kobold demonologist

Vault maps used:
D:        dungeon_sprint_1

Action                   |  1- 3 |  4- 6 |  7- 9 || total
-------------------------+-------+-------+-------++-------
Melee: Unarmed           |    58 |    22 |    16 ||    96
Invok: Sacrifice Stealth |       |     1 |       ||     1
  Use: Potion            |       |       |     1 ||     1
  Eat: Chunk             |       |     4 |       ||     4
